 Dungeon Crawl Stone Soup version 0.29-a0-557-g43b9904bd1 (webtiles) character file.

Game seed: 6296864252380782747

86 siradein the Caller (level 4, -6/30 HPs)
             Began as a Vampire Summoner on June 8, 2022.
             Splashed by a jelly's acid (7 damage)
             ... on level 3 of the Dungeon.
             The game lasted 00:04:55 (2234 turns).

siradein the Caller (Vampire Summoner)              Turns: 2234, Time: 00:04:56

Health: -6/30      AC:  0    Str:  7    XL:     4   Next: 27%
Magic:  3/8        EV: 13    Int: 19    God:
Gold:   148        SH:  0    Dex: 14    Spells: 2/8 levels left

rFire   . . .      SeeInvis +   l - +0 spear
rCold   . . .      Faith    .   (no shield)
rNeg    . . .      Spirit   .   a - +0 robe
rPois   .          Reflect  .   j - +0 helmet
rElec   .          Harm     .   (no cloak)
rCorr   .          Rampage  .   h - +0 pair of gloves
Will    .....                   (no boots)
Stlth   +++.......              (no amulet)
HPRegen 0.30/turn               (no ring)
MPRegen 0.11/turn               (no ring)

@: corroded, healing quickly
A: alive, fangs 3, see invisible, vampiric 2
a: Exsanguinate


You were on level 3 of the Dungeon.
You visited 1 branch of the dungeon, and saw 3 of its levels.

You collected 148 gold pieces.

Inventory:

Hand Weapons
 l - a +0 spear (weapon)
Armour
 a - a +0 robe (worn)
 h - a +0 pair of gloves (worn)
 j - a +0 helmet (worn)
Scrolls
 e - a scroll of vulnerability {unknown}
 f - 2 scrolls of magic mapping {unknown}
 m - a scroll of poison {unknown}
 o - a scroll of enchant armour {unknown}
Potions
 b - a potion of magic
 c - a potion of flight {unknown}
 d - a potion of berserk rage {unknown}
 g - 2 potions of curing {unknown}
 i - a potion of heal wounds {unknown}
 k - a potion of brilliance {unknown}
 n - a potion of mutation {unknown}


   Skills:
 + Level 3.1 Dodging
 + Level 4.4 Stealth
 + Level 2.6 Spellcasting
 + Level 4.5 Summonings


You had 2 spell levels left.
You knew the following spells:

 Your Spells              Type           Power      Damage    Failure   Level
a - Summon Small Mammal   Summ           76%        N/A       2%          1
b - Call Imp              Summ           19%        N/A       3%          2
c - Call Canine Familiar  Summ           19%        N/A       8%          3

Your spell library contained the following spells:

 Spells                   Type           Power      Damage    Failure   Level
 Summon Guardian Golem    Hex/Summ       11%        N/A       19%         3
 Summon Lightning Spire   Summ/Air       11%        N/A       52%         4


Dungeon Overview and Level Annotations

Branches:
Dungeon (3/15)

Altars:
Ru


Innate Abilities, Weirdness & Mutations

Your natural rate of healing is accelerated.
You have razor-sharp teeth.
You have supernaturally acute eyesight. (SInv)
You are afflicted with vampirism and can become a bat while bloodless.


Message History

There are monsters nearby!
The jelly quivers.
You reach to attack!
The helpless giant cockroach fails to defend itself.
You hit the giant cockroach but do no damage.
The giant cockroach barely misses you.
You hit the giant cockroach but do no damage.
Your crimson imp disappears in a puff of smoke!
The giant cockroach bites you.
You hit the jelly.
Your hands burn!
The jelly is lightly wounded.
The jelly hits you.
You are splashed with acid!
The giant cockroach bites you.
You are too injured to fight recklessly!
You are too injured to fight recklessly!
You are too injured to fight recklessly!
Casting: Call Imp (safe; 3% risk of failure)
Confirm with . or Enter, or press ? or * to list all spells.
A beastly little devil appears in a puff of frigid air.
The jelly hits you but does no damage. The giant cockroach barely misses you.
The jelly attacks as you move away! The jelly hits you but does no damage.
The giant cockroach bites you but does no damage.
Casting: Call Imp (safe; 3% risk of failure)
Confirm with . or Enter, or press ? or * to list all spells.
The spell is quite dangerous to miscast (8% risk of failure)!
Continue anyway?
The jelly hits you.
You are splashed with acid!
* * * LOW HITPOINT WARNING * * *
The giant cockroach bites you but does no damage.
Your white imp hits the giant cockroach.
Your white imp freezes the giant cockroach.
The giant cockroach bites your white imp but does no damage.
Your white imp misses the giant cockroach.
You hit the jelly.
Your hands burn!
* * * LOW HITPOINT WARNING * * *
The jelly is moderately wounded.
Your hound bites the jelly.
Your hound is burned by acid!
The jelly hits you.
* * * LOW HITPOINT WARNING * * *
The acid corrodes you!
You are splashed with acid!
You die...

###. #...........# #
... #....<..# ##.
..###......†###.
.##..##................
.........##.......###.[
....?..5.##...........
........B##........##.
.......h.#........##
........J@........#
..........#.......#
...............####
.........####..#
########## ...# ...#
...# ##


You could see a jelly (ally target), a giant cockroach (distracted, ally
target), a friendly hound (summoned) and a friendly white imp (summoned).

Vanquished Creatures
  An adder (D:2)
  A dart slug (D:2)
  3 ball pythons
  An endoplasm (D:1)
  A giant cockroach (D:1)
  2 goblins (D:2)
  3 hobgoblins (D:1)
  A kobold (D:2)
  4 bats
  2 rats (D:1)
19 creatures vanquished.

Vanquished Creatures (collateral kills)
  Robin (D:2)
  A worm (D:2)
  3 dart slugs (D:1)
  An endoplasm (D:2)
  A giant cockroach (D:2)
  11 goblins
  4 hobgoblins
  5 kobolds
  3 ball pythons (D:1)
  A bat (D:2)
  A frilled lizard (D:2)
  4 rats
36 creatures vanquished.

Grand Total: 55 creatures vanquished

Notes
Turn   | Place    | Note
-------+----------+-------------------------------------------
     0 | D:1      | siradein the Vampire Summoner began the quest for the Orb.
     0 | D:1      | Reached XP level 1. HP: 13/13 MP: 3/3
    65 | D:1      | Reached XP level 2. HP: 10/19 MP: 0/5
   502 | D:1      | Learned a level 2 spell: Call Imp
   581 | D:1      | Gained mutation: You are afflicted with vampirism and can
                  | become a bat while bloodless. [Vampire growth]
   581 | D:1      | Reached XP level 3. HP: 24/24 MP: 3/6
  1175 | D:1      | Learned a level 3 spell: Call Canine Familiar
  1255 | D:2      | Found a faded altar of an unknown god.
  1590 | D:2      | Noticed Robin
  1597 | D:2      | Killed Robin
  1800 | D:2      | Reached XP level 4. HP: 20/30 MP: 5/7
  1868 | D:2      | Found a sacrificial altar of Ru.
  2234 | D:3      | HP: 1/30 [acid (3)]
  2234 | D:3      | Splashed by a jelly's acid

Illustrated notes

Levels and vault maps discovered:
D:1:      minmay_arrival_stone_box, layout_basic
D:2:      layout_loops_ring, basic_ecumenical_altar, basic_altar,
          minmay_pentomino_t4, uniq_robin
D:3:      layout_rooms, jmf_multi_god_temple, chequers_decorated_corner,
          nrook_uturn

Skill      XL: |  1  2  3 |
---------------+----------+-----
Stealth        | 4 |  4.4
Dodging        | 3 |  3.1
Spellcasting   | |  2.6
Summonings     | |  4.5

Action                   |  1- 3 |  4- 6 || total
-------------------------+-------+-------++-------
Melee: Dagger            |    65 |    30 ||    95
       Bite              |     7 |     5 ||    12
       Unarmed           |     3 |       ||     3
       Punch             |     2 |       ||     2
       Spear             |       |    10 ||    10
 Cast: Summon Small Mamm |    17 |       ||    17
       Call Imp          |    17 |     3 ||    20
       Call Canine Famil |       |     1 ||     1
 Stab: Sleeping          |     1 |     1 ||     2
Armor: Robe              |     9 |    16 ||    25
Dodge: Dodged            |    48 |    26 ||    74

Table legend: (Time is in decaauts)
 A = Elapsed time spent in this place.
 B = Non-inter-level travel time spent in this place.
 C = Inter-level travel time spent in this place.
 D = Time resting spent in this place.
 E = Time spent auto-exploring this place.
 F = Levels seen in this place.
 G = Mean time per level.
                   A        B        C        D        E       F      G
               +--------+--------+--------+--------+--------+-----+--------+
         Total |   2233 |   2166 |     67 |      9 |   1585 |   3 |  744.3 |
       Dungeon |   2233 |   2166 |     67 |      9 |   1585 |   3 |  744.3 |
               +--------+--------+--------+--------+--------+-----+--------+

Top non-repeatable levels by time:
     D:1: 1181 daAuts
     D:2: 1014 daAuts
     D:3: 37 daAuts
